 Dungeon Crawl Stone Soup version 0.27-a0-1149-g4505690ab0 (webtiles) character file.

1437 Lekart the Skirmisher (level 8, -6/63 HPs)
             Began as a Mottled Draconian Chaos Knight on July 31, 2014.
             Was a Follower of Lugonu.
             Mangled by an ogre
             ... wielding a +0 giant spiked club
              (18 damage)
             ... on level 5 of the Dungeon on May 13, 2021.
             The game lasted 00:26:36 (5988 turns).

Lekart the Skirmisher (DrCK)                        Turns: 5988, Time: 00:26:36

Health: -6/63      AC:  8    Str: 14    XL:     8   Next: 45%
Magic:  8/8        EV: 13    Int: 11    God:    Lugonu [*.....]
Gold:   182        SH:  0    Dex:  9    Spells: 7/7 levels left

rFire    + . .     SeeInvis +   y - +3 scythe (freeze)
rCold    + . .     Faith    .   (shield currently unavailable)
rNeg     . . .     Spirit   .   (armour unavailable)
rPois    .         Reflect  .   (helmet restricted)
rElec    +         Harm     .   q - scarf {rC+ rF+}
rCorr    .         Rampage  .   (no gloves)
Will     .....     Clarity  +   u - +1 pair of boots Stlth ++........Rnd*Tele +
                                h - amulet of rage
HPRegen  0.20/turn              (no ring)
MPRegen  0.11/turn              (no ring)

@: no status effects
A: breathe sticky flame splash, AC +6, unfitting armour, cold-blooded,
camouflage 1, see invisible, clarity, clumsy 1, dopey 1, frail 1, electricity
resistance, teleportitis 1, weak 1, evolution 1, no potion heal 1
a: Renounce Religion, Depart the Abyss


You were on level 5 of the Dungeon.
You worshipped Lugonu.
Lugonu was aware of your devotion.
You visited 2 branches of the dungeon, and saw 6 of its levels.

You collected 182 gold pieces.

Inventory:

Hand Weapons
 a - a +0 mace of chaos
 y - a +3 scythe of freezing (weapon)
Armour
 q - a scarf of resistance (worn)
 u - a +1 pair of boots (worn)
Jewellery
 b - an amulet of harm
 h - an amulet of rage (around neck)
Wands
 r - a wand of removedness (3) (quivered)
Scrolls
 e - a scroll of removedness
 g - a scroll of identify
 k - 2 scrolls of immolation
 o - a scroll of magic mapping
 A - a scroll of enchant armour
Potions
 d - a potion of haste
 f - a potion of cancellation
 i - 2 potions of heal wounds
 l - a potion of curing
 p - a potion of attraction {unknown}
 t - 2 potions of flight {unknown}
 x - a potion of berserk rage {unknown}
Comestibles
 c - 3 removed foods
 j - a removed food
 m - 4 removed foods
 n - 4 removed foods
 D - 2 removed foods


   Skills:
 * Level 6.5 Fighting
 + Level 4.1 Maces & Flails
 + Level 4.1 Polearms
 + Level 5.4 Dodging
 - Level 1.5 Stealth
 * Level 4.3 Unarmed Combat


You had 7 spell levels left.
You didn't know any spells.
Your spell library was empty.

Dungeon Overview and Level Annotations

Branches:
Dungeon (5/15)             Temple (1/1) D:4

Altars:
Cheibriados
Dithmenos
Gozag
Nemelex Xobeh
Okawaru
Xom
Zin
Lugonu

Shops:
D:4 (?*?

Annotations:
D:4 exclusion: downstairs


Innate Abilities, Weirdness & Mutations

You can spit globs of burning liquid.
You can ignite nearby creatures when you spit burning liquid.
Your scales are hard. (AC +6)
You cannot fit into any form of body armour.
You are cold-blooded and may be slowed by cold attacks.
Your skin changes colour to match your surroundings (Stealth+).
You have supernaturally acute eyesight. (SInv)
You possess an exceptional clarity of mind.
You are clumsy. (Dex -2)
You are dopey. (Int -2)
You are frail. (-10% HP)
You are resistant to electric shocks. (rElec)
You are occasionally teleported next to monsters.
You are weak. (Str -2)
You evolve.
Potions are less effective at restoring your health.


Message History

You closely miss the hound. You tail-slap the hound.
The hound is moderately wounded.
The hound bites you but does no damage. The hound barely misses you.
The ogre barely misses you. The hound bites you.
You hit the hound. You freeze the hound.
The hound is severely wounded.
The hound closely misses you.
The ogre hits you with a +0 giant spiked club.
The hound bites you.
You barely miss the hound.
The hound is severely wounded.
The hound bites you but does no damage. The ogre barely misses you.
The hound bites you but does no damage. The hound closely misses you.
The ogre hits you with a +0 giant spiked club!
The hound closely misses you.
You closely miss the hound.
The hound is severely wounded.
The hound barely misses you. The hound closely misses you. x2
You barely miss the hound.
The hound is severely wounded.
The hound barely misses you. The hound bites you but does no damage.
You closely miss the hound.
Your tail-slap misses the hound.
The hound is heavily wounded.
The hound misses you. x2; The hound barely misses you.
You slash the hound! You freeze the hound.
You kill the hound!
Lugonu accepts your kill. The ogre barely misses you.
You slash the ogre! You freeze the ogre.
Your tail-slap misses the ogre.
The ogre is heavily wounded.
The ogre closely misses you.
You hit the ogre. You freeze the ogre.
The ogre is heavily wounded.
The ogre barely misses you.
The ogre hits you with a +0 giant spiked club!
* * * LOW HITPOINT WARNING * * *
You barely miss the ogre.
The ogre is heavily wounded.
The ogre hits you with a +0 giant spiked club!!
You die...

......(.#.##
.......... #.....#.# #
#.......##.#
#..........
#......##.#
#.........# .#
#......#O###### #.#
########@# ##.####
##'## #.....# ##...##
#..##.# ##.....##
##...#.# ##.......#
###......###.........#
..(........'.........+
###......###.........#
##..#.#.# ##.......##


You could see an ogre.

Vanquished Creatures
  Pikel (D:5)
  Prince Ribbit (D:5)
  An ice beast (D:4)
  A black bear (D:5)
  A centaur (D:5)
  A water moccasin skeleton (D:3)
  An orc priest (D:4)
  2 hounds
  3 orc wizards
  2 removed worker ants (D:3)
  3 ghosts (D:4)
  An endoplasm (D:4)
  4 gnolls (D:4)
  7 adders
  A removed giant mite (D:2)
  2 worms
  An ufetubus (D:5)
  15 orcs
  A removed leopard gecko (D:1)
  7 bats
  5 giant cockroaches
  11 goblins
  8 hobgoblins
  8 jackals
  5 kobolds
  2 quokkas (D:2)
  4 frilled lizards
  8 rats
107 creatures vanquished.

Vanquished Creatures (collateral kills)
  An orc (D:4)
1 creature vanquished.

Vanquished Creatures (others)
  Sigmund (D:3)
  2 jackals (D:2)
3 creatures vanquished.

Grand Total: 111 creatures vanquished

Notes
Turn   | Place    | Note
-------+----------+-------------------------------------------
     0 | D:1      | Lekart, the Draconian Chaos Knight, began the quest for the
                  | Orb.
     0 | D:1      | Reached XP level 1. HP: 19/19 MP: 1/1
   129 | D:1      | Reached XP level 2. HP: 26/26 MP: 2/2
   526 | D:1      | Reached XP level 3. HP: 33/33 MP: 3/3
   718 | D:1      | XOM: cast spell 'Spider Form'
  1026 | D:2      | XOM: destruction
  1041 | D:2      | Reached XP level 4. HP: 29/40 MP: 4/4
  1079 | D:2      | XOM: god gift: legendary deck of cards {god gift}
  1094 | D:2      | XOM: god gift: long bronze wand {god gift}
  1192 | D:2      | Reached skill level 1 in Unarmed Combat
  1231 | D:2      | Reached skill level 4 in Fighting
  1270 | D:2      | XOM: give mutations
  1270 | D:2      | Gained mutation: Your skin changes colour to match your
                  | surroundings (Stealth+). [Xom's grace]
  1270 | D:2      | Gained mutation: You are resistant to electric shocks.
                  | (rElec) [Xom's grace]
  1270 | D:2      | Gained mutation: You possess an exceptional clarity of
                  | mind. [Xom's grace]
  1591 | D:3      | XOM: stat loss: -1 Str (14/15)
  1592 | D:3      | XOM: mild Pois miscast
  2160 | D:3      | Reached XP level 5. HP: 46/46 MP: 5/5
  2285 | D:3      | XOM: give mutations
  2285 | D:3      | Gained mutation: You are dopey. (Int -2) [Xom's mischief]
  2285 | D:3      | Gained mutation: You are weak. (Str -2) [Xom's mischief]
  2285 | D:3      | Gained mutation: Potions are less effective at restoring
                  | your health. [Xom's mischief]
  2285 | D:3      | Gained mutation: Scrolls take you a little longer to read.
                  | [Xom's mischief]
  2286 | D:3      | XOM: mild Fire miscast
  2402 | D:3      | Found a shadowy altar of Dithmenos.
  2402 | D:3      | Found an iron altar of Okawaru.
  2759 | D:3      | Noticed Sigmund
  2761 | D:3      | XOM: blink monster(s)
  2763 | D:3      | Killed Sigmund
  2763 | D:3      | XOM: divine lightning (protected)
  3217 | D:3      | XOM: mild Conj miscast
  3277 | D:3      | XOM: silly message
  3342 | D:3      | Found a glowing silver altar of Zin.
  3479 | D:4      | Noticed an ice beast
  3482 | D:4      | Reached XP level 6. HP: 52/52 MP: 6/6
  3503 | D:4      | XOM: confuse monster(s)
  3505 | D:4      | XOM: repel stairs
  3519 | D:4      | Killed an ice beast
  3768 | D:4      | XOM: chaos upgrade
  3928 | D:4      | Found Hasurou's Magic Scroll Shoppe.
  3939 | D:4      | Found Ijau's Magic Scroll Shoppe.
  3950 | D:4      | Reached skill level 1 in Stealth
  4003 | D:4      | Found Qieruubu's Assorted Antiques.
  4022 | D:4      | Found a sand-covered staircase.
  4095 | D:4      | XOM: noise
  4106 | D:4      | XOM: harmless Necr miscast
  4162 | D:4      | Your scales start taking on a weird mottled pattern.
  4162 | D:4      | Reached XP level 7. HP: 54/60 MP: 7/7
  4242 | D:4      | XOM: noise
  4311 | D:4      | Found Ebusugh's Antique Weapon Emporium.
  4499 | D:4      | XOM: draining
  4559 | D:4      | Identified the +3 mace of Gonuxzev {elec, rPois Will+
                  | Int+2}
  4607 | D:4      | Reached skill level 1 in Polearms
  4636 | D:4      | Found a staircase to the Ecumenical Temple.
  4671 | D:4      | XOM: give mutations
  4671 | D:4      | Gained mutation: You are frail. (-10% HP) [Xom's mischief]
  4671 | D:4      | Lost mutation: You are frail. (-10% HP) [Xom's mischief]
  4671 | D:4      | Gained mutation: You are frail. (-10% HP) [Xom's mischief]
  4687 | D:5      | Entered Level 5 of the Dungeon
  4701 | Temple   | Entered the Ecumenical Temple
  4714 | Temple   | Fell from the grace of Xom
  4714 | Temple   | Became a worshipper of Lugonu the Unformed
  4714 | Temple   | Reached * piety under Lugonu
  4962 | D:5      | XOM: give mutations
  4962 | D:5      | Gained mutation: You are clumsy. (Dex -2) [Xom's mischief]
  4962 | D:5      | Gained mutation: You are occasionally teleported next to
                  | monsters. [Xom's mischief]
  4962 | D:5      | Gained mutation: You evolve. [Xom's mischief]
  4962 | D:5      | Gained mutation: You have supernaturally acute eyesight.
                  | (SInv) [Xom's mischief]
  4984 | D:5      | Noticed Pikel
  5049 | D:4      | XOM: noise
  5228 | D:5      | Killed Pikel
  5229 | D:5      | Reached skill level 5 in Fighting
  5229 | D:5      | Reached skill level 5 in Dodging
  5229 | D:5      | Reached XP level 8. HP: 31/63 MP: 8/8
  5230 | D:5      | Reached skill level 6 in Fighting
  5455 | D:5      | Noticed Prince Ribbit
  5462 | D:5      | HP: 3/63 [centaur/arrow (11)]
  5695 | D:4      | XOM: god gift: 13 sling bullets
  5807 | D:5      | Killed Prince Ribbit
  5988 | D:5      | Mangled by an ogre

Illustrated notes

Levels and vault maps discovered:
D:1:      tarquinn_simple_flora_water_b
D:3:      amethyst_overflow_temple_binary, zin_academy, first_bread,
          uniq_sigmund
D:4:      minmay_temple_entry_large_hall, serial_shops, shop, shop,
          nicolae_shop_behind_doors, shop, enter_ossuary_5
D:5:      layout_loops_corners, uniq_crazy_yiuf_cottage, uniq_prince_ribbit1,
          uniq_pikel
Temple:   corrupted_temple

Skill      XL: |  1  2  3  4  5  6  7  8 |
---------------+-------------------------+-----
Unarmed Combat | 1 4 |  4.3
Fighting       | 4 5 6 |  6.5
Stealth        | 1 |  1.5
Polearms       | 3 4 |  4.1
Dodging        | 5 |  5.4
Maces & Flails | |  4.1

Action                   |  1- 3 |  4- 6 |  7- 9 || total
-------------------------+-------+-------+-------++-------
Melee: Mace              |   120 |    97 |       ||   217
       Scythe            |       |   104 |     2 ||   106
       Scythe            |       |       |    55 ||    55
       Tailslap          |       |       |     3 ||     3
  Use: Scroll            |       |    12 |       ||    12
       Potion            |       |     1 |       ||     1
       Potion            |       |       |     6 ||     6
       Scroll            |       |       |     1 ||     1
 Stab: Sleeping          |     1 |     2 |       ||     3
       Confused          |       |     2 |       ||     2
  Eat: Removed food      |     1 |     5 |     1 ||     7
       Removed food      |       |     1 |       ||     1
Armor: Skin              |       |       |    22 ||    22
Dodge: Dodged            |       |       |    53 ||    53

Table legend: (Time is in decaauts)
 A = Elapsed time spent in this place.
 B = Non-inter-level travel time spent in this place.
 C = Inter-level travel time spent in this place.
 D = Time resting spent in this place.
 E = Time spent auto-exploring this place.
 F = Levels seen in this place.
 G = Mean time per level.
                   A        B        C        D        E       F      G
               +--------+--------+--------+--------+--------+-----+--------+
         Total |   3630 |   3539 |     91 |    637 |    944 |   6 |  605.0 |
       Dungeon |   3604 |   3513 |     91 |    637 |    944 |   5 |  720.8 |
        Temple |     25 |     25 |      0 |      0 |      0 |   1 |   25.0 |
               +--------+--------+--------+--------+--------+-----+--------+

Top non-repeatable levels by time:
     D:4: 962 daAuts
     D:5: 799 daAuts
  Temple: 25 daAuts
Note: time per level data comes from an upgraded game and may be incomplete.
